 Dungeon Crawl Stone Soup version 0.25-a0-167-g836c352ace (webtiles) character file.

Game seed: 5598319457221587485, levelgen mode: deterministic

40483 Arum the Warrior (level 14, -5/192 HPs)
             Began as a Formicid Fighter on Nov 25, 2019.
             Was the Champion of Okawaru.
             Slain by a cyan ugly thing (12 damage)
             ... on level 14 of the Dungeon.
             The game lasted 00:34:22 (17602 turns).

Arum the Warrior (Formicid Fighter)                Turns: 17602, Time: 00:34:22

Health: -5/192     AC: 23    Str: 21    XL:     14   Next: 45%
Magic:  12/14      EV:  2    Int:  9    God:    Okawaru [******]
Gold:   649        SH: 14    Dex: 14    Spells: 13/13 levels left

rFire    + . .     SeeInvis .   M - +0 lajatang
rCold    . . .     Gourm    .   c - +0 shield
rNeg     + + +     Faith    .   (armour currently unavailable)
rPois    +         Spirit   .   (helmet unavailable)
rElec    .         Reflect  .   (cloak currently unavailable)
rCorr    .         Harm     .   (gloves currently unavailable)
MR       +....                  (boots currently unavailable)
Stlth    +++.......             H - amulet of magic regeneration
HPRegen  0.42/turn              e - ring of positive energy
MPRegen  0.39/turn              D - ring of protection from fire

@: tree-form, heroism, corroded
A: permanent stasis, dig shafts and tunnels, four strong arms
a: Heroism, Finesse, Renounce Religion


You were on level 14 of the Dungeon.
You worshipped Okawaru.
Okawaru was exalted by your worship.
You were not hungry.
You were a tree.
You visited 2 branches of the dungeon, and saw 15 of its levels.
You also visited: Sewer and Gauntlet.

You collected 777 gold pieces.
You spent 128 gold pieces at shops.

Inventory:

Hand Weapons
 a - a +1 quarterstaff of freezing
 M - a +0 lajatang (weapon)
Missiles
 p - 4 javelins (quivered)
 C - 23 silver javelins
 J - a throwing net
Armour
 b - a +0 chain mail of fire resistance
 c - a +0 shield (worn)
 m - a +3 scale mail of poison resistance (melded)
 n - the +5 pair of boots "Limifusu" (melded) {rC+ Str+3}
   (Okawaru gifted it to you on level 9 of the Dungeon)

   It affects your strength (+3).
   It protects you from cold.
 o - a scarf of cloud immunity (melded)
 E - a +0 pair of gloves (melded)
 N - a +2 scale mail of cold resistance
Jewellery
 e - a ring of positive energy (left branch)
 t - an uncursed ring of protection from fire
 A - the ring "Zytahi" {Ice rPois rN+}
   (You found it in a Gauntlet)

   [ring of ice]

   It enhances your ice magic.
   It makes you vulnerable to fire.
   It protects you from cold.
   It protects you from poison.
   It protects you from negative energy.
 D - a ring of protection from fire (right branch)
 G - the ring of the Spinneret {rN+ Int+5 Dex+3 Slay-2 Stlth-}
   (You found it on level 6 of the Dungeon)

   [ring of attention]

   It affects your intelligence (+5).
   It affects your dexterity (+3).
   It affects your accuracy and damage with ranged weapons and melee attacks
   (-2).
   It protects you from negative energy.
   It makes you less stealthy.
 H - an amulet of magic regeneration (around neck)
Wands
 u - a wand of paralysis (13)
 w - a wand of disintegration (3)
 y - a wand of random effects (48)
 F - a wand of flame (15)
 K - a wand of iceblast (12)
Scrolls
 h - a scroll of amnesia
 i - a scroll of enchant armour
 j - 2 scrolls of magic mapping
 k - 3 scrolls of fear
 r - a scroll of enchant weapon
 B - 4 scrolls of remove curse
 I - 9 scrolls of identify
 L - 2 scrolls of immolation
Potions
 d - 2 potions of might
 g - a potion of cancellation
 l - a potion of resistance
 q - 6 potions of curing
 s - a potion of brilliance
 v - a potion of lignification
Miscellaneous
 x - a lightning rod (4/4)
Comestibles
 f - 23 rations


   Skills:
 + Level 17.4(22.4) Fighting
 + Level 13.9(18.9) Staves
 + Level 12.7(17.7) Armour
 - Level 9.2(14.2) Shields


You had 13 spell levels left.
You didn't know any spells.
Your spell library contained the following spells:

 Spells                   Type           Power        Failure   Level  Hunger
 Corona                   Hex            #......      38%         1    ##.....
 Ensorcelled Hibernation  Hex/Ice        #.....       52%         2    ###....
 Shroud of Golubria       Chrm/Tloc      #.....       52%         2    ###....
 Song of Slaying          Chrm           #.......     52%         2    ###....
 Confuse                  Hex            #.......     77%         3    ####...
 Dazzling Spray           Conj/Hex       #.....       77%         3    ####...
 Recall                   Summ/Tloc      N/A          77%         3    ####...
 Tukima's Dance           Hex            #.......     77%         3    ####...
 Animate Dead             Necr           N/A          99%         4    #####..
 Borgnjor's Vile Clutch   Necr/Erth      #.........   100%        5    ######.
 Excruciating Wounds      Chrm/Necr      #.........   100%        5    ######.
 Death Channel            Necr           #.........   100%        6    #######
 Simulacrum               Ice/Necr       #.........   100%        6    #######


Dungeon Overview and Level Annotations

Branches:
Dungeon (14/15)            Temple (1/1) D:4            Lair (0/6) D:10
    Orc (0/2) D:9           Sewer (visited)         Gauntlet (visited)
 Vaults: D:13-14

Altars:
Ashenzari
Cheibriados
Dithmenos
Elyvilon
Fedhas
Gozag
Hepliaklqana
Kikubaaqudgha
Makhleb
Nemelex Xobeh
Okawaru
Qazlal
Ru
Sif Muna
Trog
Uskayaw
Vehumet
Wu Jian
Xom
Yredelemnul
Zin
The Shining One
Beogh

Shops:
D:8 :!:

Annotations:
D:5 1 runed translucent door
D:8 3 runed translucent doors, Thantalas's ghost, novice MfSu
D:11 2 runed translucent doors
D:13 1 runed translucent door, Arum's ghost, journeyman MfGl
D:14 Roxanne


Innate Abilities, Weirdness & Mutations

You cannot be hasted, slowed, berserked, paralysed or teleported.
You can dig through walls and to a lower floor.
Your four strong arms can wield two-handed weapons with a shield.
((You have a pair of large antennae on your head. (SInv)))


Message History

You hit the cyan ugly thing.
The cyan ugly thing is lightly wounded.
The cyan ugly thing kicks you but does no damage.
You slice the cyan ugly thing!!
The cyan ugly thing is moderately wounded.
You slice the cyan ugly thing!!
The cyan ugly thing is severely wounded.
You feel like a meek peon again. You block the cyan ugly thing's attack.
You gain the combat prowess of a mighty hero.
The cyan ugly thing kicks you!
* * * LOW HITPOINT WARNING * * *
The cyan ugly thing shocks you!
* * * LOW HITPOINT WARNING * * *
You barely miss the cyan ugly thing.
The cyan ugly thing is severely wounded.
The cyan ugly thing kicks you.
* * * LOW HITPOINT WARNING * * *
The cyan ugly thing shocks you!
You die...

..... { .
.....#############..
.........{....u.....
...{......{.......).
.......{{{{.........
.#####{########.>..(5.
#)## #.....z ##u#
#...... #♣## #.....z
### #{..u.. #{{.O..
#..uu.z #..<.Z.
#....... #.8.....
#....... #.......


You could see a cyan ugly thing.

Vanquished Creatures
  Agnes (D:14)
  A minotaur (Gauntlet)
  Josephine (D:14)
  A vault guard (D:14)
  2 hydras
  6 two-headed ogres
  3 centaur warriors
  5 skeletal warriors (D:14)
  2 unseen horrors (D:12)
  A mana viper (shapeshifter) (Gauntlet)
  10 ugly things
  2 cyclopes
  A manticore (D:11)
  A moth of wrath (shapeshifter) (Gauntlet)
  2 centaur zombies
  A worldbinder (Gauntlet)
  Joseph (D:7)
  A water nymph (shapeshifter) (Gauntlet)
  A centaur skeleton (D:11)
  3 gargoyles
  A yaktaur (D:11)
  An efreet (D:14)
  A komodo dragon (D:12)
  A troll (D:13)
  A queen bee (Gauntlet)
  2 hornets
  2 dream sheep (D:8)
  8 slime creatures
  6 hippogriffs
  A shadow (D:11)
  Sigmund (D:3)
  9 yaks
  A wyvern (D:11)
  2 vampires (D:13)
  5 wraiths
  Grum (D:10)
  7 humans (D:14)
  2 hungry ghosts
  3 vampire mosquitoes
  A water moccasin (D:11)
  Duvessa (D:7)
  7 orc warriors
  A black bear (D:6)
  3 sky beasts
  An ice beast (D:13)
  A boggart (Gauntlet)
  17 centaurs
  6 ogres
  4 phantoms
  A crocodile (D:10)
  4 wolves (D:9)
  3 big kobolds (D:8)
  10 bullfrogs
  Dowan (D:7)
  A gnoll sergeant (D:10)
  A water moccasin zombie (D:11)
  A scorpion (D:7)
  15 killer bees
  8 howler monkeys
  3 wights (D:11)
  A bullfrog zombie (D:11)
  2 crimson imps
  2 jellies (D:5)
  12 orc priests
  5 hounds
  9 orc wizards
  6 iguanas
  A bullfrog skeleton (D:5)
  Jessica (D:2)
  8 worker ants
  A hound skeleton (D:4)
  A howler monkey zombie (D:10)
  A worker ant zombie (D:9)
  Robin (D:3)
  12 gnolls
  15 adders
  4 shadow imps
  12 oozes
  An adder zombie (D:5)
  An adder skeleton (D:5)
  A worm (D:2)
  A dart slug (D:2)
  19 leopard geckos
  51 orcs
  13 ball pythons
  2 bats (D:1)
  11 giant cockroaches
  15 goblins
  8 hobgoblins
  16 jackals
  5 quokkas
  10 frilled lizards
  A jackal skeleton (D:5)
  7 kobolds
  6 rats
453 creatures vanquished.

Vanquished Creatures (others)
  A cyclops (D:12)
  A water elemental (D:12)
  An orc warrior (D:12)
  A bullfrog (D:12)
  An orc wizard (D:9)
  3 orcs (D:12)
8 creatures vanquished.

Grand Total: 461 creatures vanquished

Notes
Turn   | Place    | Note
-------+----------+-------------------------------------------
     0 | D:1      | Arum the Formicid Fighter began the quest for the Orb.
     0 | D:1      | Reached XP level 1. HP: 18/18 MP: 1/1
    85 | D:1      | Reached XP level 2. HP: 8/24 MP: 2/2
   464 | D:1      | Reached XP level 3. HP: 30/30 MP: 3/3
   636 | D:1      | Found a shimmering altar of Xom.
   933 | D:2      | Reached XP level 4. HP: 34/37 MP: 4/4
  1034 | D:2      | Reached skill level 4 in Fighting
  1057 | D:2      | Found a shattered altar of Ashenzari.
  1575 | D:2      | Noticed Jessica
  1578 | D:2      | Found a burning altar of Makhleb.
  1581 | D:2      | Killed Jessica
  1581 | D:2      | Reached XP level 5. HP: 28/42 MP: 5/5
  1582 | D:2      | Noticed an Executioner
  1682 | D:2      | Found a glowing silver altar of Zin.
  1682 | D:2      | Noticed an angel
  2165 | D:3      | Noticed Sigmund
  2182 | D:3      | Killed Sigmund
  2182 | D:3      | Reached skill level 5 in Fighting
  2182 | D:3      | Reached skill level 5 in Shields
  2182 | D:3      | Reached XP level 6. HP: 28/51 MP: 6/6
  2307 | D:3      | Noticed Robin
  2346 | D:3      | Killed Robin
  2401 | D:3      | Noticed a phantom
  2418 | D:3      | Killed a phantom
  2418 | D:3      | Reached XP level 7. HP: 45/56 MP: 7/7
  2442 | D:3      | Found a sparkling altar of Nemelex Xobeh.
  2577 | D:3      | Found a glowing drain.
  2600 | Sewer    | Entered a sewer
  3483 | Sewer    | Reached skill level 6 in Fighting
  3495 | Sewer    | Reached skill level 5 in Staves
  3495 | Sewer    | Reached XP level 8. HP: 38/64 MP: 8/8
  4140 | D:4      | Found a staircase to the Ecumenical Temple.
  4162 | Temple   | Entered the Ecumenical Temple
  4376 | Temple   | Became a worshipper of Warmaster Okawaru
  5081 | D:5      | Entered Level 5 of the Dungeon
  5153 | D:5      | Found a runed translucent door.
  5177 | D:5      | Reached skill level 7 in Fighting
  5339 | D:5      | Reached * piety under Okawaru
  5610 | D:5      | Reached XP level 9. HP: 47/74 MP: 9/9
  6503 | D:6      | Reached skill level 8 in Fighting
  6524 | D:6      | Got a sparkling brass ring
  6527 | D:6      | Identified the ring of the Spinneret {rN+ Int+5 Dex+3
                  | Slay-2 Stlth-} (You found it on level 6 of the Dungeon)
  7111 | D:7      | Found a hide-covered altar of Uskayaw.
  7183 | D:7      | Noticed a hippogriff
  7195 | D:7      | Killed a hippogriff
  7195 | D:7      | Reached skill level 9 in Fighting
  7227 | D:7      | Found a basalt altar of Yredelemnul.
  7227 | D:7      | Noticed Joseph
  7272 | D:7      | Killed Joseph
  7272 | D:7      | Reached ** piety under Okawaru
  7679 | D:7      | Reached skill level 10 in Fighting
  7862 | D:7      | Noticed Dowan
  7862 | D:7      | Noticed Duvessa
  7884 | D:7      | Killed Duvessa
  7895 | D:7      | Killed Dowan
  8065 | D:7      | Noticed a hippogriff
  8079 | D:7      | Killed a hippogriff
  8079 | D:7      | Reached XP level 10. HP: 66/86 MP: 10/10
  8258 | D:8      | Found a runed translucent gate.
  8258 | D:8      | Found a runed translucent gate.
  8259 | D:8      | Found a runed translucent gate.
  8290 | D:8      | Reached skill level 11 in Fighting
  8317 | D:8      | Reached *** piety under Okawaru
  8318 | D:8      | Reached skill level 12 in Fighting
  8363 | D:8      | Found Uraulliz's Book Boutique.
  8376 | D:8      | Noticed Thantalas's ghost (novice MfSu)
  8854 | D:8      | Noticed a two-headed ogre
  8859 | D:8      | Found Ducalip's Distillery.
  8930 | D:8      | HP: 2/91 [two-headed ogre/+0 giant club (16)]
  8931 | D:8      | Killed a two-headed ogre
  8931 | D:8      | Reached **** piety under Okawaru
  8931 | D:8      | Reached skill level 13 in Fighting
  9293 | D:8      | Reached skill level 5 in Armour
  9331 | D:8      | Found a shadowy altar of Dithmenos.
  9355 | D:8      | Bought a potion of heal wounds for 80 gold pieces
  9355 | D:8      | Bought a potion of curing for 48 gold pieces
  9503 | D:8      | Found Fuyh's Book Boutique.
  9634 | D:8      | Noticed a two-headed hydra
  9643 | D:8      | Killed a two-headed hydra
  9643 | D:8      | Reached XP level 11. HP: 70/98 MP: 11/11
  9945 | D:9      | Reached skill level 10 in Staves
 10246 | D:9      | Reached skill level 14 in Fighting
 10277 | D:9      | Found a shimmering blue altar of Sif Muna.
 10386 | D:9      | Reached ***** piety under Okawaru
 10420 | D:9      | Found a staircase to the Orcish Mines.
 10469 | D:9      | Found a roughly hewn altar of Beogh.
 10477 | D:9      | Noticed a two-headed ogre
 10485 | D:9      | Killed a two-headed ogre
 10625 | D:9      | Found a shimmering altar of Xom.
 10689 | D:10     | Entered Level 10 of the Dungeon
 10689 | D:10     | Noticed Grum
 10749 | D:9      | Received a gift from Okawaru
 10767 | D:9      | Got a pair of slimy boots {god gift}
 10779 | D:9      | Identified the +5 pair of boots "Limifusu" {rC+ Str+3}
                  | (Okawaru gifted it to you on level 9 of the Dungeon)
 10831 | D:10     | Killed Grum
 10838 | D:10     | Noticed a two-headed ogre
 10844 | D:10     | Killed a two-headed ogre
 11054 | D:10     | Found a staircase to the Lair.
 11602 | D:11     | Noticed a cyan ugly thing
 11626 | D:10     | Killed a cyan ugly thing
 11815 | D:11     | Noticed a manticore
 11935 | D:11     | Noticed a two-headed ogre
 11950 | D:11     | Killed a two-headed ogre
 11950 | D:11     | Reached skill level 15 in Fighting
 11950 | D:11     | Reached XP level 12. HP: 53/109 MP: 10/12
 12788 | D:11     | Identified the Catalogue of Augmentations
 13156 | D:11     | Found a large runed translucent door.
 13156 | D:11     | Found a large runed translucent door.
 13157 | D:11     | Noticed a centaur warrior
 13181 | D:11     | Killed a centaur warrior
 13320 | D:11     | Noticed a five-headed hydra
 13603 | D:11     | Noticed a war gargoyle
 13614 | D:11     | Noticed a deep troll
 13634 | D:12     | Noticed an unseen horror
 13649 | D:12     | Killed an unseen horror
 14158 | D:12     | Noticed an unseen horror
 14178 | D:12     | Killed an unseen horror
 14178 | D:12     | Reached skill level 10 in Armour
 14188 | D:12     | Received a gift from Okawaru
 14310 | D:12     | Reached XP level 13. HP: 115/117 MP: 13/13
 14836 | D:12     | Reached skill level 16 in Fighting
 15376 | D:13     | Found a gate leading to a gauntlet.
 15382 | Gauntlet | Entered a Gauntlet
 15382 | Gauntlet | Found a transporter.
 15391 | Gauntlet | Found a transporter.
 15406 | Gauntlet | Found a transporter.
 15408 | Gauntlet | Found a large runed translucent door.
 15408 | Gauntlet | Found a large runed translucent door.
 15409 | Gauntlet | Found a large runed translucent door.
 15409 | Gauntlet | Found a large runed translucent door.
 15410 | Gauntlet | Found a large runed translucent door.
 15410 | Gauntlet | Found a large runed translucent door.
 15410 | Gauntlet | Found a runed translucent door.
 15410 | Gauntlet | Found a runed translucent door.
 15410 | Gauntlet | Found a large runed translucent door.
 15411 | Gauntlet | Found a transporter.
 15426 | Gauntlet | Found a transporter.
 15441 | Gauntlet | Found a large runed translucent door.
 15444 | Gauntlet | Found a large runed translucent door.
 15445 | Gauntlet | Found a large runed translucent door.
 15445 | Gauntlet | Found a large runed translucent door.
 15446 | Gauntlet | Found a runed translucent gate.
 15447 | Gauntlet | Found a transporter.
 15447 | Gauntlet | Found a runed translucent gate.
 15447 | Gauntlet | Noticed a ghost crab
 15448 | Gauntlet | Found a runed translucent gate.
 15449 | Gauntlet | Found a large runed translucent door.
 15449 | Gauntlet | Found a large runed translucent door.
 15450 | Gauntlet | Found a large runed translucent door.
 15451 | Gauntlet | Found a large runed translucent door.
 15459 | Gauntlet | Found a transporter.
 15459 | Gauntlet | Noticed a catoblepas
 15460 | Gauntlet | Found a large runed translucent door.
 15471 | Gauntlet | Found a transporter.
 15471 | Gauntlet | Noticed a reaper
 15483 | Gauntlet | Found a transporter.
 15495 | Gauntlet | Found a transporter.
 15495 | Gauntlet | Noticed an anaconda
 15497 | Gauntlet | an anaconda changed into a sea snake
 15513 | Gauntlet | Found a transporter.
 15531 | Gauntlet | Found a transporter.
 15533 | Gauntlet | Found a transporter.
 15560 | Gauntlet | Found a transporter.
 15562 | Gauntlet | Found a transporter.
 15562 | Gauntlet | Found a transporter.
 15591 | Gauntlet | Found a transporter.
 15593 | Gauntlet | Found a transporter.
 16053 | Gauntlet | Noticed a five-headed hydra
 16053 | Gauntlet | an alligator changed into a five-headed hydra
 16057 | Gauntlet | Noticed a minotaur
 16057 | Gauntlet | a five-headed hydra changed into a minotaur
 16060 | Gauntlet | Noticed a quicksilver dragon
 16060 | Gauntlet | a minotaur changed into a quicksilver dragon
 16062 | Gauntlet | Noticed a dire elephant
 16062 | Gauntlet | a quicksilver dragon changed into a dire elephant
 16069 | Gauntlet | Noticed a sphinx
 16069 | Gauntlet | a dire elephant changed into a sphinx
 16071 | Gauntlet | Noticed an azure jelly
 16071 | Gauntlet | a sphinx changed into an azure jelly
 16078 | Gauntlet | Noticed an emperor scorpion
 16078 | Gauntlet | an azure jelly changed into an emperor scorpion
 16090 | Gauntlet | Noticed a great orb of eyes
 16090 | Gauntlet | an emperor scorpion changed into a great orb of eyes
 16097 | Gauntlet | Noticed a spark wasp
 16119 | Gauntlet | Got a glittering platinum ring
 16122 | Gauntlet | Identified the ring "Zytahi" {Ice rPois rN+} (You found it
                  | in a Gauntlet)
 16273 | Gauntlet | Noticed a minotaur
 16295 | Gauntlet | Killed a minotaur
 16399 | D:13     | Noticed a five-headed hydra
 16408 | D:13     | Killed a five-headed hydra
 16518 | D:13     | Found a runed translucent door.
 16522 | D:13     | Noticed Arum's ghost (journeyman MfGl)
 16904 | D:14     | Identified Roxanne's Volume of Shape Shifting
 16904 | D:14     | Noticed Roxanne
 17008 | D:14     | Noticed Agnes
 17008 | D:14     | Noticed a centaur warrior
 17045 | D:14     | Killed Agnes
 17051 | D:14     | Killed a centaur warrior
 17051 | D:14     | Noticed a centaur warrior
 17054 | D:14     | Killed a centaur warrior
 17054 | D:14     | Reached ****** piety under Okawaru
 17059 | D:14     | Noticed Josephine
 17078 | D:14     | Killed Josephine
 17173 | D:14     | Received a gift from Okawaru
 17173 | D:14     | Reached XP level 14. HP: 65/126 MP: 14/14
 17295 | D:14     | Reached skill level 17 in Fighting
 17430 | D:14     | Identified the ring "Futueck" {rN+++ Str-2 Int+8 Dex-4
                  | Slay+4}
 17482 | D:14     | Received a gift from Okawaru
 17561 | D:14     | HP: 3/128 [cyan ugly thing (17)]
 17602 | D:14     | HP: 7/192 [cyan ugly thing (6)]
 17602 | D:14     | Slain by a cyan ugly thing

Levels and vault maps discovered:
D:1:      ebering_hopf_link, layout_loops_ring, kennysheep_flooded_box,
          wander_ebering_terrifying_dragon_lair
D:2:      minmay_skewed_foursquare, layout_basic, nicolae_ashenzari_panopticon,
          grunt_temple_overflow_order_and_chaos_2, roderic_lattice_a,
          uniq_jessica
D:3:      layout_basic, lemuel_crystal_altar, portal_sewer_entry_f,
          first_ration, uniq_robin, uniq_sigmund
D:4:      layout_basic, temple_fountains, minmay_manual_mullet
D:5:      layout_loops_corners, lightli_church_of_beogh
D:6:      layout_basic
D:7:      layout_cave_pools, yredelemnul_altar_generic,
          eat_drink_and_be_merry_uskayaw, uniq_joseph, uniq_duvessa
D:8:      layout_basic, grunt_dithmenos_smoke_and_mirrors, serial_shops, shop,
          shop, nicolae_shop_trees, gammafunk_ghost_necromancy, hangedman_ranch
          [blue_anna_fruit_fields]
D:9:      layout_rooms, kennysheep_mini, tgw_sif, minmay_orc_entry_temple_small
D:10:     layout_long_grid, lair_entry_dummy, centaur_isle, uniq_grum
D:11:     minmay_the_grid_octo_triangle [minmay_the_grid_octo_toaster,
          minmay_the_grid_octo_prize_ultimate_mussel_roller,
          minmay_the_grid_octo_empty], layout_cave_pods,
          minmay_misc_feat_plants, minmay_tree_intersection,
          jmf_multi_god_temple2
D:12:     layout_basic, st_stairs_10, minivault_26, lemuel_freeze_loot_1
D:13:     layout_roguey, ebering_ghost_reflecting_pool, gauntlet_entry_generic,
          lemuel_another_geyser
D:14:     layout_cross, ximxim_vaults_locker_room, basic_altar, serial_shops,
          kennysheep_little_box, uniq_agnes, uniq_roxanne, uniq_josephine
Temple:   nicolae_temple_figure_eight

Skill      XL: |  1  2  3  4  5  6  7  8  9 10 11 12 13 14 |
---------------+-------------------------------------------+-----
Shields        | 4 5 6 8 9 |  9.2
Fighting       | 4 5 6 7 10 13 15 16 17 | 17.4
Staves         | 3 4 5 6 7 9 11 12 13 | 13.9
Armour         | 5 8 10 11 12 | 12.7

Action                   |  1- 3 |  4- 6 |  7- 9 | 10-12 | 13-15 || total
-------------------------+-------+-------+-------+-------+-------++-------
Melee: Quarterstaff      |    81 |   117 |   561 |   840 |   368 ||  1967
       Lajatang          |       |       |       |       |   196 ||   196
Invok: Heroism           |       |       |       |     6 |    16 ||    22
       Finesse           |       |       |       |       |     1 ||     1
 Abil: Dig               |       |     1 |     2 |     6 |     8 ||    17
Evoke: Wand              |       |       |     5 |    32 |     6 ||    43
  Use: Scroll            |       |       |     6 |     8 |     4 ||    18
       Potion            |       |       |       |     6 |     5 ||    11
 Stab: Distracted        |       |       |       |       |     2 ||     2
  Eat: Chunk             |       |     5 |    21 |    24 |       ||    50
       Ration            |       |       |       |       |     4 ||     4
Armor: Scale mail        |    36 |    29 |   192 |   212 |   114 ||   583
       Skin              |       |       |       |       |     6 ||     6
Dodge: Dodged            |    32 |    32 |   169 |   235 |   117 ||   585
Block: Shield            |    45 |    52 |   360 |   402 |   221 ||  1080

Table legend:
 A = Non-vault XP
 B = Vault XP
 C = Vault XP percentage of total XP
 D = Non-vault monster count
 E = Vault monster count
 F = Vault count percentage of total count
                 A         B        C        D         E       F
            +---------+---------+-------+---------+---------+-------
      Total |   36859 |   20974 |  36.3 |     291 |     163 |  35.9
            +---------+---------+-------+---------+---------+-------
        D:1 |      48 |       3 |   5.9 |      20 |       1 |   4.8
        D:2 |      39 |      76 |  66.1 |      16 |       9 |  36.0
        D:3 |     241 |     268 |  52.7 |       9 |      17 |  65.4
        D:4 |     308 |     166 |  35.0 |      13 |       3 |  18.8
        D:5 |     496 |       0 |   0.0 |      23 |       0 |   0.0
        D:6 |     326 |       0 |   0.0 |       8 |       0 |   0.0
        D:7 |     871 |     691 |  44.2 |      17 |       3 |  15.0
        D:8 |    2651 |    2191 |  45.2 |      37 |       8 |  17.8
        D:9 |    2143 |    1123 |  34.4 |      29 |      20 |  40.8
       D:10 |    1677 |     970 |  36.6 |      14 |       8 |  36.4
       D:11 |    3819 |    3953 |  50.9 |      31 |      14 |  31.1
       D:12 |    6213 |     670 |   9.7 |      30 |       3 |   9.1
       D:13 |    3394 |       0 |   0.0 |      12 |       0 |   0.0
       D:14 |   14633 |    6359 |  30.3 |      32 |      13 |  28.9
      Sewer |       0 |     385 | 100.0 |       0 |      51 | 100.0
   Gauntlet |       0 |    4119 | 100.0 |       0 |      13 | 100.0
            +---------+---------+-------+---------+---------+-------
